Map: Orbital Shipyard

Players

Desolation

  • Race: Protoss Protoss
  • League: Diamond

MyuNgSiK - Winner!

  • Race: Protoss Protoss

Event: Gauntlet LotV Series 1 Qualifier 2

VOD

Have the link to the VOD?

Description

Time

  • Played on: Dec. 5, 2015, 2:13 p.m.
  • Length: 4:13

All games in this series

Show
View Real Time Build Order
Export as new Build Order

Desolation Protoss 

Build Orders:  

Get SALT Encoding   

  12  0:01  Probe (Chrono Boost)  
  13  0:11  Probe (Chrono Boost)  
  14  0:22  Probe (Chrono Boost)  
  15  0:32  Pylon  
  15  0:48  Pylon  
  15  0:50  Probe (Chrono Boost)  
  15  0:51  Gateway  
  15  0:54  Assimilator  
  16  1:01  Probe (Chrono Boost)  
  17  1:10  Gateway  
  17  1:14  Probe (Chrono Boost)  
  18  1:21  Gateway  
  18  1:28  Probe (Chrono Boost)  
  19  1:38  Cybernetics Core  
  19  1:43  Assimilator  
  19  1:45  Probe (Chrono Boost)  
  20  1:57  Zealot (Chrono Boost)  
  20  1:59  Probe  
  23  2:06  Gateway  
  23  2:11  Probe  
  26  2:18  Warp Gate  
  26  2:19  Zealot (Chrono Boost)  
  26  2:25  Mothership Core  
  28  2:40  Zealot (Chrono Boost), Pylon  
  30  2:46  Probe  
  30  2:48  Pylon  
  28  3:00  Stalker (Chrono Boost)  
  30  3:07  Stalker (Chrono Boost)  
  30  3:08  Probe  
  29  3:20  Probe  
  30  3:27  Pylon  
  30  3:33  Probe  
  31  3:46  Stalker (Chrono Boost), Probe  
  36  3:58  Probe  
Show
View Real Time Build Order
Export as new Build Order

MyuNgSiK Protoss - Winner!

Build Orders: 1 Gate Expand 

Get SALT Encoding   

  12  0:01  Probe (Chrono Boost)  
  13  0:11  Probe (Chrono Boost)  
  14  0:17  Pylon  
  14  0:22  Probe (Chrono Boost)  
  15  0:36  Probe (Chrono Boost)  
  15  0:37  Gateway  
  15  0:41  Assimilator  
  16  0:46  Probe (Chrono Boost)  
  18  0:57  Probe (Chrono Boost)  
  18  1:07  Probe (Chrono Boost)  
  19  1:18  Probe (Chrono Boost)  
  20  1:22  Nexus  
  20  1:32  Cybernetics Core  
  20  1:33  Probe (Chrono Boost)  
  21  1:41  Assimilator  
  21  1:44  Probe (Chrono Boost)  
  22  1:51  Pylon  
  22  1:55  Probe (Chrono Boost)  
  23  2:08  Warp Gate (Chrono Boost)  
  23  2:09  Probe (Chrono Boost), Adept (Chrono Boost)  
  26  2:21  Mothership Core  
  28  2:33  Stalker (Chrono Boost)  
  30  2:38  Pylon  
  30  2:39  Gateway  
  30  2:42  Pylon  
  30  2:56  Stalker (Chrono Boost)  
  30  3:07  Gateway  
  30  3:20  Stalker  
  30  3:26  Stalker  
  34  3:42  Probe  
  34  3:43  Probe  
  36  4:05  Stalker x2  
  36  4:06  Stalker  
  40  4:10  Pylon  
Tags
 
Add a new tag
Caveats
  • Supply blocks, unpowered buildings, or Contaminate may cause inaccurate times.
  • Supply counts are checked every 10 seconds.